 Dungeon Crawl Stone Soup version 0.20.1-1-g8b1a95d (webtiles) character file.

240 slep the Skirmisher (level 5, 0/63 HPs)
             Began as a Demonspawn Abyssal Knight on Nov 1, 2017.
             Was a Believer of Lugonu.
             Succumbed to a scorpion's poison
             ... on level 4 of the Dungeon.
             The game lasted 00:12:05 (2402 turns).

slep the Skirmisher (Demonspawn Abyssal Knight)     Turns: 2402, Time: 00:12:06

Health: 0/63       AC: 22    Str: 14    XL:     5   Next: 79%
Magic:  1/7        EV:  2    Int: 14    God:    Lugonu [**....]
Gold:   206        SH:  0    Dex: 13    Spells: 4/4 levels left

rFire    . . .     SeeInvis .   a - +1 falchion
rCold    . . .     Gourm    .   (no shield)
rNeg     + + +     Faith    .   (armour currently unavailable)
rPois    +         Spirit   +   (helmet currently unavailable)
rElec    .         Reflect  .   (cloak currently unavailable)
rCorr    .         Harm     .   (gloves currently unavailable)
MR       .....     NoTele   +   (boots currently unavailable)
Stlth    ++........             (no amulet)
Regen    0.2/turn               (no ring)
MPRegen  0.1/turn               (no ring)

@: lethally poisoned (0 -> -3), tree-form
A: powered by death 1, strong 1, evolution 1, magic shield
a: Depart the Abyss, Bend Space, Renounce Religion


You were on level 4 of the Dungeon.
You worshipped Lugonu.
Lugonu was pleased with you.
You were not hungry.
You were a tree.
You visited 1 branch of the dungeon, and saw 4 of its levels.
You visited the Abyss 1 time.

You collected 206 gold pieces.

Inventory:

Hand Weapons
 a - a +1 falchion (weapon)
 t - a +2 dagger of speed
 u - a +1 dagger of protection
Armour
 b - a +0 leather armour (melded)
 g - a +0 helmet (melded)
Scrolls
 f - 2 scrolls of enchant armour {unknown}
 i - a scroll of amnesia {unknown}
 j - a scroll of fog {unknown}
 k - 3 scrolls of remove curse {unknown}
 l - 5 scrolls of teleportation {unknown}
 n - 4 scrolls of identify {unknown}
 q - 2 scrolls of enchant weapon {unknown}
 r - 2 scrolls of recharging {unknown}
 v - a scroll of immolation {unknown}
Potions
 d - a potion of agility {unknown}
 e - a potion of heal wounds {unknown}
 h - a potion of lignification
 m - a potion of brilliance {unknown}
 o - a potion of haste {unknown}
 x - a potion of experience {unknown}
Comestibles
 c - 5 bread rations
 s - 2 royal jellies
 w - a meat ration
 z - 2 chunks of flesh


   Skills:
 + Level 4.1 Fighting
 + Level 3.3 Long Blades
 + Level 3.1 Armour
 + Level 2.1 Dodging
 + Level 0.8 Stealth
 + Level 2.7 Invocations


You had 4 spell levels left.
You didn't know any spells.

Dungeon Overview and Level Annotations

Branches:
Dungeon (4/15)
 Temple: D:4-7

Altars:


Innate Abilities, Weirdness & Mutations

((You have sharp toenails.))
You regenerate a little health from kills.
When hurt, damage is shared between your health and your magic reserves.
Your muscles are strong. (Str +2)
You evolve.


Message History

The scorpion is severely wounded.
* * * LOW HITPOINT WARNING * * *
You feel sick. The scorpion stings you!
* * * LOW HITPOINT WARNING * * *
You are more poisoned.
The scorpion poisons you!
You feel better. The scorpion stings you!
* * * LOW HITPOINT WARNING * * *
You are lethally poisoned!
The scorpion poisons you!
You barely miss the scorpion. You claw the scorpion.
The scorpion is severely wounded.
* * * LOW HITPOINT WARNING * * *
You feel sick. The scorpion closely misses you.
You riposte.
You hit the scorpion. Your kick misses the scorpion.
The scorpion is almost dead.
You turn into a tree.
Your +0 helmet melds into your body.
Your +0 leather armour melds into your body.
Your roots penetrate the ground.
You die...

## #.# #..# .# #.#
#. #..# .# ... ..
#..# .#### ##.#
.##..# ....# ...
..#..# .##.#
###.###.#..# .##.#
........#..# .##.#
##.#....#..# ..#.#
......s♣...# ..#.#
.#.#.##.#.## #...#
#.#.# ##..###.# #
#.#.# .......>#
#.##<#.# ##..###.#
#....#.#
.....##.###.####.#.#
........... #.#.#
.........# ##.#.#


You could see a scorpion.

Vanquished Creatures
  An ogre (D:4)
  An orc wizard (D:3)
  7 adders
  A worm (D:2)
  3 orcs (D:3)
  3 giant cockroaches
  8 goblins
  7 hobgoblins
  6 jackals
  A quokka (D:2)
  6 bats
  4 frilled lizards
  8 kobolds
  5 rats
61 creatures vanquished.

Notes
Turn   | Place    | Note
-------+----------+-------------------------------------------
     0 | Abyss:1  | slep the Demonspawn Abyssal Knight began the quest for the Orb.
     0 | Abyss:1  | Reached XP level 1. HP: 18/18 MP: 2/2
    74 | Abyss:1  | Noticed a chaos spawn
    77 | D:1      | Escaped the Abyss
   402 | D:1      | Gained mutation: You regenerate a little health from kills. [demonic ancestry]
   402 | D:1      | Reached XP level 2. HP: 24/24 MP: 3/3
   422 | D:1      | Reached * piety under Lugonu
   819 | D:1      | Gained mutation: You have sharp toenails. [demonic ancestry]
   819 | D:1      | Reached XP level 3. HP: 10/29 MP: 5/5
  1082 | D:2      | Reached skill level 1 in Dodging
  1266 | D:2      | Gained mutation: When hurt, damage is shared between your health and your magic reserves. [demonic ancestry]
  1266 | D:2      | Reached XP level 4. HP: 37/37 MP: 6/6
  1670 | D:3      | Gained mutation: You evolve. [potion of mutation]
  1670 | D:3      | Gained mutation: Your muscles are strong. (Str +2) [potion of mutation]
  1681 | D:3      | Reached ** piety under Lugonu
  1858 | D:3      | Reached skill level 4 in Fighting
  2295 | D:4      | Noticed an ogre
  2307 | D:4      | Killed an ogre
  2307 | D:4      | Reached XP level 5. HP: 6/42 MP: 1/7
  2399 | D:4      | HP: 2/42 [scorpion (4)]
  2402 | D:4      | Succumbed to a scorpion's poison

Skill      XL: |  1  2  3  4 |
---------------+-------------+-----
Long Blades    | 2 3 |  3.3
Armour         | 2 3 |  3.1
Dodging        | 1 2 |  2.1
Fighting       | 4 |  4.1
Stealth        | |  0.8
Invocations    | |  2.7

Action                   |  1- 3 |  4- 6 || total
-------------------------+-------+-------++-------
Melee: Falchion          |   102 |    69 ||   171
       Kick              |    16 |    18 ||    34
Invok: Depart the Abyss  |     1 |       ||     1
  Use: Potion            |       |     6 ||     6
  Eat: Chunk             |     1 |     4 ||     5
Armor: Leather armour    |    23 |    15 ||    38
       Skin              |       |     8 ||     8
Dodge: Dodged            |    84 |    32 ||   116
       Rpst.: Falchion   |    24 |     7 ||    31
